 Dungeon Crawl Stone Soup version 0.30.1-11-g7821555f0a (webtiles) character file.

Game seed: 1174552180690215998

12659 wolfy7 the Fighter (level 11, 0/105 HPs)
             Began as a Hill Orc Fighter on Nov 11, 2023.
             Was a Priest of Makhleb.
             Slain by a cyclops (27 damage)
             ... on level 11 of the Dungeon.
             The game lasted 00:31:17 (10231 turns).

wolfy7 the Fighter (Hill Orc Fighter)              Turns: 10231, Time: 00:31:17

Health: 0/105      AC: 10    Str: 20    XL:     11   Next: 96%
Magic:  11/11      EV: 12    Int:  8    God:    Makhleb [***...]
Gold:   681        SH:  0    Dex: 10    Spells: 10/10 levels left

rFire   . . .        g - +9 great mace of Numom {flame, Contam rPois Will+++ Str-2}
rCold   . . .        (shield currently unavailable)
rNeg    . . .        D - +2 robe of Taosk {rCorr Dex-2 SInv Stlth+}
rPois   +            d - +1 helmet
rElec   .            e - +0 cloak
rCorr   +            h - +0 pair of gloves
SInv    +            k - +0 pair of boots
Will    +++..        p - amulet of regeneration
Stlth   +++          v - ring of poison resistance
HPRegen 1.17/turn    (no ring)
MPRegen 0.12/turn

%: no passive effects
@: no status effects
A: hooves 1
a: Renounce Religion, Minor Destruction, Lesser Servant of Makhleb


You were on level 11 of the Dungeon.
You worshipped Makhleb.
Makhleb was most pleased with you.
You visited 2 branches of the dungeon, and saw 12 of its levels.
You also visited: Bailey.

You collected 681 gold pieces.

Inventory:

Hand Weapons
 b - the +2 long sword of the Dungeon {antimagic, rElec Str-2 Int+2 Stlth+}
   (You took it off a spriggan in a bailey)

   Str:       It affects your strength (-2).
   Int:       It affects your intelligence (+2).
   rElec:     It insulates you from electricity.
   Stlth:     It makes you more stealthy.
 g - the +9 great mace of Numom (weapon) {flame, Contam rPois Will+++ Str-2}
   (You found it in a bailey)

   Str:       It affects your strength (-2).
   rPois:     It protects you from poison.
   Contam:    It causes magical contamination when unequipped.
   Will:      It greatly increases your willpower.
 j - the +9 quarterstaff "Evouwosk" {venom, Drain rC+ Int+5}
   (You found it on level 2 of the Dungeon)

   Int:       It affects your intelligence (+5).
   rC:        It protects you from cold.
   Drain:     It drains your maximum health when unequipped.
Armour
 d - a +1 helmet (worn)
 e - a +0 cloak (worn)
 h - a +0 pair of gloves (worn)
 k - a +0 pair of boots (worn)
 D - the +2 robe of Taosk (worn) {rCorr Dex-2 SInv Stlth+}
   (You found it on level 8 of the Dungeon)

   Dex:       It affects your dexterity (-2).
   SInv:      It lets you see invisible.
   rCorr:     It protects you from acid and corrosion.
   Stlth:     It makes you more stealthy.
Jewellery
 p - an amulet of regeneration (around neck)
 v - a ring of poison resistance (left hand)
Wands
 G - a wand of charming (2)
Scrolls
 a - a scroll of butterflies
 c - a scroll of identify
 m - a scroll of immolation {unknown}
 n - a scroll of blinking
 o - a scroll of fog
 r - 2 scrolls of teleportation
 w - 4 scrolls of amnesia
 y - a scroll of torment {unknown}
 A - 6 scrolls of enchant armour
 B - a scroll of brand weapon
 C - a scroll of poison {unknown}
 H - a scroll of enchant weapon {unknown}
Potions
 f - 3 potions of curing
 i - 2 potions of magic
 l - a potion of cancellation
 s - a potion of haste
 u - a potion of invisibility {unknown}
 x - a potion of flight
 z - a potion of ambrosia
 E - 3 potions of mutation
Miscellaneous
 F - a phial of floods


   Skills:
 + Level 12.6 Fighting
 - Level 2.9(8.0) Axes
 * Level 9.7(11.5) Maces & Flails
 - Level 7.8(9.4) Staves
 - Level 5.0 Armour
 - Level 4.0 Dodging
 - Level 4.0 Stealth
 - Level 7.7 Shields


You had 10 spell levels left.
You didn't know any spells.
Your spell library contained the following spells:

 Spells                   Type           Power      Damage    Failure   Level
 Portal Projectile        Hex/Tloc       0%         N/A       78%         3
 Tukima's Dance           Hex            0%         N/A       78%         3
 Cause Fear               Hex            0%         N/A       99%         4
 Blade Hands              Tmut           0%         N/A       100%        5
 Dragon Form              Tmut           0%         N/A       100%        7
 Dragon's Call            Summ           0%         N/A       100%        9


Dungeon Overview and Level Annotations

Branches:
Dungeon (11/15)            Temple (1/1) D:5            Lair (0/5) D:11
 Bailey (visited)
    Orc: D:9-12

Altars:
Ashenzari
Cheibriados
Dithmenos
Elyvilon
Fedhas
Gozag
Hepliaklqana
Kikubaaqudgha
Makhleb
Nemelex Xobeh
Okawaru
Qazlal
Ru
Sif Muna
Trog
Uskayaw
Vehumet
Wu Jian
Xom
Yredelemnul
Zin
The Shining One

Shops:
D:6 *   D:10 [

Annotations:
D:4 Sigmund
D:6 2 runed translucent doors, sigtrap's ghost, novice OgFi
D:7 2 runed translucent doors, Crazy Yiuf
D:10 exclusion: ice statue
D:11 exclusions: ice statue, manticore and orange crystal statue


Innate Abilities, Weirdness & Mutations

You have large cloven feet.


Message History

The wyvern is almost dead.
The wyvern bites you but does no damage.
The wyvern bites you.
You hit the wyvern. You burn the wyvern.
The wyvern is almost dead.
The wyvern misses you. The wyvern closely misses you.
You sock the wyvern! You burn the wyvern.
You kill the wyvern!
Makhleb accepts your kill.
You feel better.
There is a stone staircase leading up here.
You climb upwards.
Level annotation: exclusion: ice statue
There is a stone staircase leading down here.
You start resting.
HP restored.
You climb downwards.
Level annotation: exclusions: ice statue, manticore and orange crystal statue
There is a stone staircase leading up here.
Found a staircase to the Lair.
There is a stone staircase leading up here.
You climb upwards.
Level annotation: exclusion: ice statue
There is a stone staircase leading down here.
You climb downwards.
Level annotation: exclusions: ice statue, manticore and orange crystal statue
There is a stone staircase leading up here.
The cyclops shouts!
The cyclops throws a large rock.
The large rock hits you!!
The cyclops throws a large rock.
The large rock hits you!! The cyclops hits you!!
You are too injured to fight recklessly!
You thump the cyclops! You burn the cyclops.
The cyclops is lightly wounded.
The cyclops hits you!
* * * LOW HITPOINT WARNING * * *
You bludgeon the cyclops!! You burn the cyclops!
The cyclops is almost dead.
The cyclops hits you!!
You die...

......# #####
>..[..#######...##
..........#......##
..................# .
..................# ##..
..................##.....
###..#.....#.....#..P....
###..#....<#.............
..##.#..........@C.......
#........................
###..#...................
........................P
...#....##.##.........>..
.....................♣...
##..........#.#..........
##.....................
#..............


You could see a cyclops.

Vanquished Creatures
  Erica (D:10)
  4 two-headed ogres
  2 cyclopes (D:11)
  Joseph (D:9)
  An unseen horror (D:10)
  A freezing wraith (D:11)
  4 spriggans (Bailey)
  4 yaks (D:10)
  A vampire (D:9)
  4 wyverns
  A wraith (D:10)
  2 steam dragons
  4 vampire mosquitoes (D:11)
  An acid dragon (D:11)
  2 water moccasins (D:11)
  3 ice beasts (D:6)
  4 orc warriors
  A black bear (D:8)
  4 centaurs
  5 ogres
  A kobold brigand (D:10)
  A phantom (D:7)
  3 bullfrogs
  A gnoll sergeant (D:9)
  6 scorpions
  16 wights
  14 killer bees
  8 electric eels
  3 howler monkeys
  2 orc priests
  5 hounds
  7 iguanas
  10 orc wizards
  7 gnolls
  7 adders
  5 shadow imps
  2 ufetubi
  2 dart slugs
  39 orcs
  7 endoplasms
  3 giant cockroaches
  4 goblins
  7 hobgoblins
  16 jackals
  5 quokkas
  5 ball pythons
  4 bats
  4 frilled lizards
  13 kobolds
  2 rats
259 creatures vanquished.

Vanquished Creatures (others)
  An orc (D:7)
1 creature vanquished.

Grand Total: 260 creatures vanquished

Notes
Turn   | Place    | Note
-------+----------+-------------------------------------------
     0 | D:1      | wolfy7 the Hill Orc Fighter began the quest for the Orb.
     0 | D:1      | Reached XP level 1. HP: 19/19 MP: 1/1
    54 | D:1      | Reached XP level 2. HP: 20/27 MP: 2/2
   236 | D:1      | You fall into a shaft and drop 1 floor!
   330 | D:1      | Reached skill level 1 in Stealth
   429 | D:1      | Reached XP level 3. HP: 26/33 MP: 3/3
   714 | D:2      | Identified the +7 sling "Goblinslayer" {flame, rN+ Str+2
                  | Int-5 Dex+2}
   730 | D:2      | Identified the +9 quarterstaff "Evouwosk" {venom, Drain rC+
                  | Int+5}
   744 | D:2      | Reached skill level 1 in Dodging
   975 | D:2      | Reached XP level 4. HP: 40/40 MP: 4/4
   977 | D:2      | Reached skill level 4 in Fighting
  1198 | D:2      | Identified the +1 leather armour "Wuwio" {-Cast +Inv rC+++
                  | Slay+6}
  1386 | D:3      | Reached skill level 1 in Staves
  1467 | D:3      | Identified the +0 war axe of the Moon {heavy, rF+ MP+9
                  | Str-4 Int+3}
  1634 | D:3      | Reached XP level 5. HP: 46/46 MP: 5/5
  2283 | D:4      | Reached XP level 6. HP: 52/52 MP: 6/6
  2414 | D:4      | Noticed Sigmund
  2481 | D:4      | Reached XP level 7. HP: 60/60 MP: 7/7
  2587 | D:5      | Entered Level 5 of the Dungeon
  2657 | D:5      | Found an iron altar of Okawaru.
  2689 | D:5      | Found a staircase to the Ecumenical Temple.
  2699 | Temple   | Entered the Ecumenical Temple
  2889 | Temple   | Became a worshipper of Makhleb the Destroyer
  3380 | D:5      | Reached skill level 5 in Fighting
  3380 | D:5      | Reached XP level 8. HP: 65/68 MP: 8/8
  3763 | D:6      | Found Gyroden's Mass Market.
  3860 | D:6      | Found a large runed translucent door.
  3860 | D:6      | Found a large runed translucent door.
  3863 | D:6      | Noticed sigtrap's ghost (novice OgFi)
  4105 | D:6      | Reached * piety under Makhleb
  4106 | D:6      | Reached skill level 5 in Armour
  4307 | D:6      | Reached skill level 5 in Shields
  4696 | D:7      | Found a runed translucent door.
  4697 | D:7      | Noticed Crazy Yiuf
  4914 | D:7      | Reached skill level 6 in Fighting
  4977 | D:7      | Noticed a sixfirhy
  4986 | D:7      | Found a runed translucent door.
  5005 | D:7      | Reached XP level 9. HP: 36/75 MP: 9/9
  5393 | D:7      | Reached skill level 5 in Staves
  5397 | D:7      | Reached skill level 7 in Fighting
  5738 | D:8      | Found a bloodstained altar of Trog.
  5740 | D:8      | Found a basalt altar of Yredelemnul.
  5740 | D:8      | Identified the +6 flail of Gloom {drain, rC++}
  5973 | D:8      | Found a shadowy altar of Dithmenos.
  5993 | D:8      | Reached ** piety under Makhleb
  6065 | D:8      | Identified the +2 robe of Taosk {rCorr Dex-2 SInv Stlth+}
  6212 | D:8      | Reached skill level 8 in Fighting
  6514 | D:8      | Found an opulent altar of Gozag.
  6700 | D:8      | Reached XP level 10. HP: 50/90 MP: 10/10
  6845 | D:9      | Found a flagged portal.
  6865 | Bailey   | Entered a bailey
  6884 | Bailey   | Reached skill level 9 in Fighting
  6909 | Bailey   | Noticed a two-headed ogre
  7048 | Bailey   | Identified the +2 long sword of the Dungeon {antimagic,
                  | rElec Str-2 Int+2 Stlth+}
  7085 | Bailey   | Killed a two-headed ogre
  7086 | Bailey   | Reached skill level 10 in Fighting
  7203 | Bailey   | Identified the +9 great mace of Numom {flame, Contam rPois
                  | Will+++ Str-2}
  7303 | D:9      | Reached skill level 1 in Maces & Flails
  7774 | D:9      | Noticed Joseph
  7778 | D:9      | Killed Joseph
  7994 | D:10     | Entered Level 10 of the Dungeon
  8129 | D:10     | Noticed an unseen horror
  8139 | D:10     | Killed an unseen horror
  8195 | D:10     | Noticed a two-headed ogre
  8344 | D:10     | Reached skill level 11 in Fighting
  8344 | D:10     | Reached XP level 11. HP: 70/102 MP: 11/11
  8392 | D:10     | Killed a two-headed ogre
  8393 | D:10     | Reached skill level 5 in Maces & Flails
  8434 | D:10     | Noticed a two-headed ogre
  8452 | D:10     | Killed a two-headed ogre
  8473 | D:10     | Reached *** piety under Makhleb
  8630 | D:10     | Noticed Erica
  8757 | D:10     | Killed Erica
  8840 | D:10     | Found Kojipoydd's Antique Armour Boutique.
  9278 | D:11     | Noticed a cyclops
  9278 | D:11     | Noticed a two-headed ogre
  9315 | D:11     | Noticed a cyclops
  9398 | D:11     | Noticed a cyclops
  9452 | D:11     | Killed a cyclops
  9453 | D:11     | Reached skill level 12 in Fighting
  9570 | D:11     | Gained mutation: You have large cloven feet. [potion of
                  | mutation]
  9780 | D:10     | Killed a two-headed ogre
  9853 | D:11     | Noticed an orange crystal statue
  9909 | D:11     | Killed a cyclops
 10024 | D:11     | Noticed a manticore
 10210 | D:11     | Found a staircase to the Lair.
 10231 | D:11     | Slain by a cyclops

Illustrated notes

Levels and vault maps discovered:
D:1:      minmay_arrival_doors, layout_basic
D:2:      layout_loops_ring, minmay_misc_feat_chi
D:3:      layout_basic, serial_bayou_pond_e
D:4:      layout_cave_pools, uniq_sigmund
D:5:      layout_cave_pods, lemuel_crystal_altar, minmay_temple_entry_trees,
          serial_glass, glass_columns_a, glass_columns_a,
          minmay_strange_pillars, due_unseen_surprise, item_on_display_b
D:6:      layout_gridville, ebering_ghost_disaster_area,
          dreamdust_mushroom_princess, hangedman_decor_riveting,
          minmay_shop_mass, nicolae_water_bricks
D:7:      cheibrodos_shockbox, layout_gridville, kennysheep_nondescript,
          kennysheep_boxes, uniq_crazy_yiuf_cottage
D:8:      nicolae_whirlpool, layout_rooms, grunt_gozag_breadcrumbs,
          grunt_temple_overflow_open
D:9:      layout_basic, enter_bailey_4, uniq_joseph
D:10:     layout_roguey, serial_shops, nicolae_shop_window_shopping,
          minmay_statue_bubble, uniq_erica
D:11:     minmay_separated_statues, layout_rooms, minmay_lair_entry_grove
Temple:   bh_familiar_temple

Skill      XL: |  1  2  3  4  5  6  7  8  9 10 11 |
---------------+----------------------------------+-----
Stealth        | 1 2 3 4 |  4.0
Dodging        | 1 2 3 4 |  4.0
Fighting       | 4 5 6 8 11 12 | 12.6
Staves         | 1 2 3 4 6 7 |  7.8
Armour         | 4 5 |  5.0
Shields        | 4 5 7 |  7.7
Maces & Flails | 4 9 |  9.7
Axes           | |  2.9

Action                     |  1- 3 |  4- 6 |  7- 9 | 10-12 || total
---------------------------+-------+-------+-------+-------++-------
  Melee: War axe           |    80 |       |       |       ||    80
         Quarterstaff      |    15 |    77 |   249 |    47 ||   388
         Great mace        |       |       |       |   181 ||   181
  Evoke: Wand              |       |       |       |    10 ||    10
    Use: Potion            |       |     1 |     6 |     7 ||    14
         Scroll            |       |     1 |     7 |     5 ||    13
   Stab: Sleeping          |       |       |       |     8 ||     8
 Armour: Scale mail        |    58 |    35 |   106 |       ||   199
         Robe              |       |       |     9 |    87 ||    96
  Dodge: Dodged            |    46 |    47 |   153 |   198 ||   444
  Block: Buckler           |    20 |       |       |       ||    20
